 Dungeon Crawl Stone Soup version 0.28.0-53-g5a82cb258f (webtiles) character file.

Game seed: 10936707219911316232

47 jjjjhere the Sneak (level 3, 0/27 HPs)
             Began as a Vine Stalker Brigand on Aug 10, 2022.
             Succumbed to a scorpion's poison
             ... on level 3 of the Dungeon.
             The game lasted 00:02:01 (1842 turns).

jjjjhere the Sneak (Vine Stalker Brigand)           Turns: 1842, Time: 00:02:01

Health: 0/27       AC:  4    Str: 13    XL:     3   Next: 70%
Magic:  2/4        EV: 11    Int: 11    God:
Gold:   64         SH:  0    Dex: 17    Spells: 2/2 levels left

rFire   . . .      SeeInvis .   a - +2 dagger
rCold   . . .      Faith    .   (no shield)
rNeg    . . .      Spirit   +   b - +0 robe
rPois   .          Reflect  .   (no helmet)
rElec   .          Harm     .   c - +0 cloak
rCorr   .          Rampage  .   (no gloves)
Will    .....                   j - +0 pair of boots
Stlth   ..........              (no amulet)
HPRegen 0.09/turn               (no ring)
MPRegen 0.09/turn               (no ring)

@: berserking, lethally poisoned (0 -> -6), very quick
A: fangs 2, magic shield, antimagic bite, no potion heal 2
a: no special abilities


You were on level 3 of the Dungeon.
You visited 1 branch of the dungeon, and saw 3 of its levels.

You collected 64 gold pieces.

Inventory:

Hand Weapons
 a - a +2 dagger (weapon)
Missiles
 d - 7 poisoned darts (quivered)
 e - 2 curare-tipped darts
Armour
 b - a +0 robe (worn)
 c - a +0 cloak (worn)
 j - a +0 pair of boots (worn)
Jewellery
 m - a ring of protection from fire
Scrolls
 i - a scroll of identify {unknown}
Potions
 g - a potion of haste {unknown}
 h - a potion of invisibility {unknown}
 k - a potion of might {unknown}
 l - a potion of brilliance {unknown}


   Skills:
 - Level 1.7 Fighting
 + Level 2.8 Short Blades
 - Level 1.7 Throwing
 - Level 0.7 Dodging
 + Level 5.8 Stealth


You had 2 spell levels left.
You didn't know any spells.
Your spell library contained the following spells:

 Spells                   Type           Power      Damage    Failure   Level
 Blink                    Tloc           0%         N/A       47%         2
 Lesser Beckoning         Tloc           0%         N/A       71%         3
 Manifold Assault         Tloc           0%         N/A       100%        5


Dungeon Overview and Level Annotations

Branches:
Dungeon (3/15)

Altars:


Innate Abilities, Weirdness & Mutations

You have extremely sharp teeth.
When hurt, damage is shared between your health and your magic reserves.
Your bite disrupts and absorbs the magic of your enemies.
Potions cannot restore your health.


Message History

The scorpion stings you but does no damage.
The scorpion closely misses you.
You see here a ring of protection from fire.
m - a ring of protection from fire The scorpion barely misses you.
The scorpion barely misses you.
There is a stone staircase leading up here.
You hit the scorpion.
The scorpion is lightly wounded.
The scorpion barely misses you.
Throw: 8 darts (poison)
Press: ? - help, Q - select action, (/) - cycle Shift-Dir - straight line, f - scorpion
Aim: a scorpion (lightly wounded, 59% to hit)
You throw a poisoned dart. The poisoned dart hits the scorpion.
The scorpion is poisoned.
The scorpion is lightly wounded.
The scorpion closely misses you. The scorpion stings you.
You are poisoned.
The scorpion poisons you!
You feel very sick.
You feel very sick.
The scorpion looks more healthy.
You feel sick.
You feel sick.
You feel sick.
You feel sick. The scorpion stings you.
* * * LOW HITPOINT WARNING * * *
You are lethally poisoned!
The scorpion poisons you!
* * * LOW HITPOINT WARNING * * *
You feel sick.
It was a potion of berserk rage.
A red film seems to cover your vision as you go berserk!
You feel yourself moving faster!
You feel mighty!
* * * LOW HITPOINT WARNING * * *
You feel sick. The scorpion completely misses you.
You puncture the scorpion!
You kill the scorpion!
You die...

. #..........#
..#........#######
..................
..#...............
..................
.......#..####.##.#
..........# #.##.##..##.
.......#†.####.##.# ..##.
##).#..#@.......#.# .....
.......#..###.†...# #.##.
.##.#..#..###...#.# #.##.
...............#.###.##.
.##..#.#.................
.....^..#............<
...................##.
##..##...........#.##.
####.##.##.##.##.


There were no monsters in sight!

Vanquished Creatures
  A scorpion (D:3)
  An adder (D:2)
  2 worms
  A dart slug (D:1)
  An endoplasm (D:2)
  4 goblins (D:2)
  5 hobgoblins
  A jackal (D:2)
  A quokka (D:2)
  2 ball pythons
  4 bats
  2 frilled lizards
  4 kobolds (D:2)
  2 rats
31 creatures vanquished.

Notes
Turn   | Place    | Note
-------+----------+-------------------------------------------
     0 | D:1      | jjjjhere the Vine Stalker Brigand began the quest for the
                  | Orb.
     0 | D:1      | Reached XP level 1. HP: 11/11 MP: 2/2
    47 | D:1      | Reached skill level 5 in Stealth
   363 | D:1      | Reached XP level 2. HP: 15/15 MP: 3/3
  1064 | D:2      | Reached XP level 3. HP: 18/18 MP: 4/4
  1742 | D:2      | Found a faded altar of an unknown god.
  1811 | D:3      | Noticed a scorpion
  1839 | D:3      | HP: 4/18 [scorpion (2)]
  1841 | D:3      | HP: 1/27 [poisoned by a scorpion]
  1842 | D:3      | Killed a scorpion
  1842 | D:3      | Succumbed to a scorpion's poison

Illustrated notes

Levels and vault maps discovered:
D:1:      nzn_arrival_crosshair, layout_basic, minmay_tree_intersection
D:2:      layout_basic, dreamdust_ecumenical_altar_angels_and_demons,
          minmay_quadrilaterals
D:3:      layout_basic, mainiacjoe_overflow_24_doors

Skill      XL: |  1 |
---------------+----+-----
Stealth        | 5 |  5.8
Short Blades   | 2 |  2.8
Fighting       | |  1.7
Throwing       | |  1.7
Dodging        | |  0.7

Action                   || total
-------------------------++-------
Melee: Dagger            ||    57
       Bite              ||     9
Throw: Dart              ||     7
  Use: Potion            ||     1
 Stab: Sleeping          ||    12
Armor: Robe              ||    13
Dodge: Dodged            ||    31
